 Dungeon Crawl Stone Soup version 0.13.1-2-gfb2c2b7 (webtiles) character file.

253 Lilouch the Skirmisher (level 4, -2/35 HPs)
             Began as a Demonspawn Chaos Knight on Dec 9, 2013.
             Was a Plaything of Xom.
             Slain by an orc
             ... wielding a -1,+1 orcish hand axe
              (6 damage)
             ... on Level 3 of the Dungeon.
             The game lasted 00:08:06 (2092 turns).

Lilouch the Skirmisher (Demonspawn Chaos Knight)    Turns: 2092, Time: 00:08:06

HP  -2/35        AC  5     Str 14      XL: 4   Next: 41%
MP   4/4         EV 10     Int 13      God: Xom
Gold 157         SH  0     Dex 12      Spells:  0 memorised,  3 levels left

Res.Fire  : . . .   See Invis. : .   a - +0 spear (chaos) {=f}
Res.Cold  : . . .   Warding    : .   b - +2 leather armour
Life Prot.: . . .   Conserve   : .   (no shield)
Res.Poison: .       Res.Corr.  : .   (no helmet)
Res.Elec. : .       Clarity    : .   (no cloak)
Sust.Abil.: . .     Spirit.Shd : .   (no gloves)
Res.Mut.  : .       Stasis     : .   (no boots)
Res.Rott. : .       Flight     : .   (no amulet)
Saprovore : . . .                    (no ring)
                                     (no ring)

@: slightly resistant to hostile enchantments, stealthy
A: conserve scrolls, nightstalker 2
a: Renounce Religion


You were on level 3 of the Dungeon.
You worshipped Xom.
You were a toy of Xom.
You were not hungry.

You visited 1 branch of the dungeon, and saw 3 of its levels.

You collected 137 gold pieces.

Inventory:

Hand weapons
 a - a +0,+0 spear of chaos (weapon) {=f}
 s - a +1,+0 elven spear (quivered)
 t - a +0,+0 spear
 u - a cursed +0,-1 spear
Missiles
 n - 8 needles of confusion
Armour
 b - a +2 leather armour (worn)
Comestibles
 c - 2 bread rations
 l - 2 apples
 m - 2 pears
 q - a meat ration
 v - a chunk of bat flesh
 w - a chunk of worm flesh
Scrolls
 d - 3 scrolls of magic mapping {unknown}
 f - a scroll of recharging {unknown}
 g - 2 scrolls of noise {unknown}
 i - 2 scrolls of remove curse {unknown}
 j - a scroll of teleportation {unknown}
 k - 2 scrolls of identify {unknown}
 o - a scroll of curse armour {unknown}
 y - a scroll of random uselessness {unknown}
Potions
 e - a potion of might {unknown}
 h - 6 potions of curing
 p - a potion of invisibility {unknown}
 r - a potion of flight {unknown}
 x - a potion of poison {unknown}


   Skills:
 + Level 4.0 Fighting
 + Level 3.4 Polearms
 + Level 2.6 Armour
 - Level 0.8 Dodging


You had 3 spell levels left.
You didn't know any spells.

Dungeon Overview and Level Annotations

Branches:
Dungeon (3/27)

Altars:
Okawaru


Innate Abilities, Weirdness & Mutations

You are very good at protecting items from fire.
You are significantly more attuned to the shadows.


Message History

The orc closely misses you.
You hit the orc but do no damage.
The orc is almost dead.
The orc hits you.
* * * LOW HITPOINT WARNING * * *
You barely miss the orc.
The orc is almost dead.
The orc barely misses you. The orc closely misses you.
You closely miss the orc.
The orc is almost dead.
The orc hits you but does no damage.
You hit the orc. You burn the orc.
You kill the orc!
The orc hits you with an orcish hand axe.
* * * LOW HITPOINT WARNING * * *
You see here an orcish leather armour.
You closely miss the orc.
The orc hits you with an orcish hand axe.
You die... "Boring in life, boring in death..."

###...#####.#.##.##..
...........#...#)))#..
......................
#...........#....._....
####...######.........
#...# #..#).)#.. #.#.#
##.##.##.. #.%.# #.......#
###@#### #........
#..o%..#####.#####..
#..###.#..)........#
#..###.#.###.#####.#
#..#.o.....#.# #.#
######### #..#.#.#.#.#.#
#.#
#.......####......#.#.#.##
#.#
#.#####.#.........#......#
#..
#.#####.#.###....#######.#
###


You could see an orc.

Vanquished Creatures
  A gnoll (D:1)
  An adder (D:3)
  2 worms
  2 oozes (D:2)
  5 orcs (D:3)
  7 bats
  2 giant cockroaches
  5 goblins
  6 hobgoblins
  3 jackals (D:2)
  5 training dummies (D:3)
  A ball python (D:1)
  2 giant geckos
  3 giant newts
  A gnoll skeleton (D:3)
  2 kobolds
  4 rats
52 creatures vanquished.

Vanquished Creatures (others)
  A worm (D:2)
1 creature vanquished.

Grand Total: 53 creatures vanquished

Notes
Turn   | Place    | Note
--------------------------------------------------------------
     0 | D:1      | Lilouch, the Demonspawn Chaos Knight, began the quest for the Orb.
     0 | D:1      | Reached XP level 1. HP: 16/16 MP: 1/1
    47 | D:1      | XOM: harmless Trmt miscast
   121 | D:1      | Gained mutation: You are very good at protecting items from fire. [demonic ancestry]
   121 | D:1      | Reached XP level 2. HP: 15/22 MP: 2/2
   471 | D:1      | XOM: potion effect (agility)
   502 | D:1      | Gained mutation: You are slightly more attuned to the shadows. [demonic ancestry]
   502 | D:1      | Reached XP level 3. HP: 28/28 MP: 3/3
  1441 | D:2      | XOM: divination: detect creatures
  1529 | D:3      | Found an iron altar of Okawaru.
  1550 | D:3      | Gained mutation: You are significantly more attuned to the shadows. [demonic ancestry]
  1550 | D:3      | Reached XP level 4. HP: 19/34 MP: 4/4
  1836 | D:3      | Reached skill level 4 in Fighting
  1877 | D:3      | XOM: harmless Necr miscast
  1889 | D:3      | XOM: silly message
  2092 | D:3      | Slain by an orc

Action                   |  1- 3 |  4- 6 || total
-------------------------+-------+-------++-------
Melee: Spear             |   142 |   102 ||   244
  Use: Potion            |       |     1 ||     1
 Stab: Confused          |     1 |     1 ||     2
       Paralysed         |     2 |     2 ||     4
       Sleeping          |     2 |     1 ||     3
